 Dungeon Crawl Stone Soup version 0.30.0-30-g96aa6591b8 (webtiles) character file.

Game seed: 11189136551673031140

14179 salammoniac the Destroyer (level 11, -12/130 HPs)
             Began as a Demonspawn Fire Elementalist on June 29, 2023.
             Was a Follower of Vehumet.
             Mangled by Snorg (17 damage)
             ... on level 11 of the Dungeon.
             The game lasted 00:28:56 (15397 turns).

salammoniac the Destroyer (DsFE)                   Turns: 15397, Time: 00:28:57

Health: -12/130    AC: 25    Str:  8    XL:     11   Next: 85%
Magic:  13/23      EV:  2    Int: 21    God:    Vehumet [*.....]
Gold:   659        SH:  0    Dex: 14    Spells: 20/26 levels left

rFire   . . .        C - +1 demon whip (venom)
rCold   . . .        (no shield)
rNeg    + . .        f - melded +1 steam dragon scales
rPois   +            w - melded +2 helmet of Ejuodusy {Will+ Regen+ Slay+3}
rElec   .            (cloak currently unavailable)
rCorr   +            y - melded +2 pair of gloves
SInv    .            i - melded +0 pair of boots
Will    .....        n - amulet of regeneration
Stlth   ++           c - ring of positive energy
HPRegen 1.21/turn    o - ring of resist corrosion
MPRegen 0.18/turn

%: no passive effects
@: tree-form, studying Long Blades
A: stationary, stasis, torment immunity, boosted hp, (large bone plates 1),
ignite blood 2, powered by death 2, (demonic touch 2)
a: Renounce Religion


You were on level 11 of the Dungeon.
You worshipped Vehumet.
Vehumet was aware of your devotion.
You were a tree.
You visited 2 branches of the dungeon, and saw 12 of its levels.

You collected 659 gold pieces.

Inventory:

Hand Weapons
 C - a +1 demon whip of venom (weapon)
Armour
 f - +1 steam dragon scales (melded)
 i - a +0 pair of boots (melded)
 w - the +2 helmet of Ejuodusy (melded) {Will+ Regen+ Slay+3}
   (You found it on level 9 of the Dungeon)

   Slay:      It affects your accuracy & damage with ranged weapons and melee
   (+3).
   Regen:     It increases your rate of health regeneration.
   Will:      It increases your willpower.
 y - a +2 pair of gloves (melded)
Jewellery
 c - a ring of positive energy (left branch)
 n - an amulet of regeneration (around neck)
 o - a ring of resist corrosion (right branch)
 A - an amulet of reflection
 B - a ring of ice
Wands
 q - a wand of charming (7)
 x - a wand of iceblast (11)
Scrolls
 d - a scroll of teleportation
 j - 3 scrolls of poison
 m - 3 scrolls of identify
 p - a scroll of enchant weapon
 s - 2 scrolls of magic mapping
 t - a scroll of silence
 u - a scroll of fog
Potions
 a - a potion of attraction
 b - 4 potions of curing
 e - a potion of lignification
 g - 3 potions of ambrosia
 h - 2 potions of brilliance
 k - a potion of berserk rage
 l - a potion of resistance
 r - a potion of might
 v - 3 potions of haste


   Skills:
 + Level 8.4 Fighting
 + Level 8.0 Dodging
 - Level 1.7 Stealth
 - Level 8.0 Spellcasting
 + Level 9.0 Conjurations
 - Level 6.0 Hexes
 + Level 8.5 Fire Magic


You had 20 spell levels left.
You knew the following spells:

 Your Spells              Type           Power      Damage    Failure   Level
a - Foxfire               Conj/Fire      100%       2x1d9     1%          1
b - Scorch                Fire           88%        2d8       1%          2
c - Inner Flame           Hex/Fire       38%        N/A       1%          3

Your spell library contained the following spells:

 Spells                   Type           Power      Damage    Failure   Level
 Shock                    Conj/Air       100%       1d9       1%          1
 Slow                     Hex            100%       N/A       1%          1
 Confusing Touch          Hex            33%        N/A       1%          3
 Dazzling Flash           Conj/Hex       80%        N/A       1%          3
 Flame Wave               Conj/Fire      45%        2d12      2%          4
 Volatile Blastmotes      Fire/Tloc      52%        2d14      4%          3
 Portal Projectile        Hex/Tloc       42%        N/A       7%          3
 Leda's Liquefaction      Hex/Erth       10%        N/A       22%         4
 Call Canine Familiar     Summ           8%         N/A       24%         3
 Ozocubu's Armour         Ice            8%         N/A       24%         3
 Vampiric Draining        Necr           8%         2d6       24%         3
 Vhi's Electric Charge    Tloc/Air       16%        N/A       24%         3
 Arcjolt                  Conj/Air       13%        1d23      34%         5
 Metabolic Englaciation   Hex/Ice        10%        N/A       54%         5
 Silence                  Hex/Air        10%        N/A       54%         5
 Agony                    Necr           8%         N/A       91%         5
 Lee's Rapid Deconstruct  Erth           4%         3d5*      91%         5
 Simulacrum               Ice/Necr       4%         N/A       100%        6
 Statue Form              Tmut/Erth      5%         N/A       100%        6
 Borgnjor's Revivificati  Necr           4%         N/A       100%        8
 Maxwell's Capacitive Co  Air            4%         ∞         100%        8
 Necromutation            Tmut/Necr      4%         N/A       100%        8
 Death's Door             Necr           4%         N/A       100%        9


Dungeon Overview and Level Annotations

Branches:
Dungeon (11/15)            Temple (1/1) D:7            Lair (0/5) D:10
    Orc: D:9-12

Altars:
Ashenzari
Cheibriados
Dithmenos
Fedhas
Gozag
Hepliaklqana
Kikubaaqudgha
Makhleb
Nemelex Xobeh
Okawaru
Qazlal
Ru
Sif Muna
Trog
Uskayaw
Vehumet
Wu Jian
Xom
Yredelemnul

Shops:
D:2 =   D:4 *

Annotations:
D:10 exclusion: oklob plant
D:11 2 runed translucent doors, Snorg; wesleywilliam's ghost, journeyman MiBe


Innate Abilities, Weirdness & Mutations

You are a tree.
Your roots penetrate the ground, keeping you stationary.
You cannot be teleported.
You are immune to unholy pain and torment.
Your maximum health is greatly increased.
Your equipment is partially melded.
((You are partially covered in large bone plates. (SH +4)))
Your demonic aura often causes spilled blood to erupt in flames.
You regenerate health from kills.
((Your touch may inflict irresistible damage on your foes.))


Message History

Snorg barely misses you. Snorg completely misses you. Snorg claws you!
Casting: Scorch (safe; 1% risk of failure)
Confirm with . or Enter, or press ? or * to list all spells.
Flames lash Snorg.
Snorg is burned terribly!
Flame seeps out of Snorg.
Snorg is moderately wounded.
Snorg is engulfed in blazing flames.
Flame seeps out of Snorg.
Snorg bites you!! Snorg barely misses you. Snorg claws you!
Snorg is engulfed in blazing flames.
Flame seeps out of Snorg.
Snorg bites you but does no damage. Snorg claws you. Snorg claws you!
Okay, then.
You feel much better.
Snorg is engulfed in blazing flames.
Flame seeps out of Snorg.
Snorg barely misses you. Snorg claws you but does no damage.
You block Snorg's attack.
Really quaff the potion of lignification?
You turn into a tree.
The +2 helmet of Ejuodusy {Will+ Regen+ Slay+3} melds into your body.
Your +2 pair of gloves melds into your body.
Your +0 pair of boots melds into your body.
Your +1 steam dragon scales melds into your body.
Your roots penetrate the ground.
Snorg bites you. Snorg claws you but does no damage. Snorg claws you!
Snorg bites you! Snorg claws you!
* * * LOW HITPOINT WARNING * * *
Snorg claws you!
* * * LOW HITPOINT WARNING * * *
Casting: Scorch (safe; 1% risk of failure)
Confirm with . or Enter, or press ? or * to list all spells.
Flames lash Snorg.
Snorg is burned terribly!
Flame seeps out of Snorg.
Snorg is severely wounded.
Snorg is engulfed in blazing flames.
Flame seeps out of Snorg.
Snorg bites you but does no damage. Snorg claws you!
* * * LOW HITPOINT WARNING * * *
Snorg claws you but does no damage.
You feel better.
Snorg is engulfed in blazing flames.
Flame seeps out of Snorg.
Snorg bites you!
* * * LOW HITPOINT WARNING * * *
Snorg claws you.
* * * LOW HITPOINT WARNING * * *
Snorg claws you!
You die...

* ***,** *§,,,,,,,,* * *,*
*,,,,,,,,,* * *,*
****'****** # *,* *,.# ##
*,* **.# .###* *,*
######.####
.'.,*****.######.........#
.#*,,,,,,......T.........#
.#*****##.*****#♣○.......#
.# #..* #.........# .#
#.#* #.........# ## #.#
###.####### #.# #..## #.#
##..## #.# ##..### ##'###
##...# ####....# #####.##


You could see Snorg (berserk, inner flame, combustible).

Vanquished Creatures
  Gastronok (D:10)
  Fannar (D:10)
  3 two-headed ogres
  Nergalle (D:10)
  Amaemon (D:10)
  A manticore (D:11)
  A gargoyle (D:10)
  An orange demon (D:10)
  An unseen horror (D:10)
  A komodo dragon (D:11)
  3 trolls
  Grinder (D:5)
  2 hornets
  Sigmund (D:5)
  A wyvern (D:8)
  11 yaks
  2 wraiths
  Menkaure (D:5)
  3 steam dragons
  2 acid dragons (D:10)
  2 water moccasins
  3 sky beasts
  An orc warrior (D:9)
  2 ice beasts
  2 black bears
  3 ogres
  3 centaurs
  A phantom (D:5)
  4 kobold brigands
  2 bullfrogs (D:8)
  5 wights (D:7)
  10 killer bees
  2 howler monkeys
  3 jellies
  3 hounds (D:5)
  2 orc priests
  3 gnoll boudas
  2 sleepcaps
  Ijyb (D:2)
  3 iguanas
  9 orc wizards
  19 gnolls
  6 adders
  2 shadow imps
  A white imp (D:6)
  An ufetubus (D:6)
  4 dart slugs
  17 orcs
  3 ball pythons
  5 bats
  6 endoplasms
  2 giant cockroaches (D:3)
  7 hobgoblins
  2 quokkas
  A frilled lizard (D:1)
  16 goblins
  23 kobolds
  5 rats
  A butterfly (D:7)
226 creatures vanquished.

Vanquished Creatures (others)
  299 foxfires
299 creatures vanquished.

Grand Total: 525 creatures vanquished

Notes
Turn   | Place    | Note
-------+----------+-------------------------------------------
     0 | D:1      | salammoniac the Demonspawn Fire Elementalist began the
                  | quest for the Orb.
     0 | D:1      | Reached XP level 1. HP: 13/13 MP: 3/3
   205 | D:1      | Gained mutation: You regenerate a little health from kills.
                  | [demonic ancestry]
   205 | D:1      | Reached XP level 2. HP: 19/19 MP: 3/5
   917 | D:2      | Found a faded altar of an unknown god.
   996 | D:1      | Learned a level 2 spell: Scorch
  1145 | D:2      | Noticed Ijyb
  1413 | D:2      | Reached XP level 3. HP: 24/24 MP: 4/6
  1447 | D:2      | Found Rualik's Jewellery Emporium.
  1696 | D:2      | Reached skill level 2 in Conjurations
  2334 | D:3      | Learned a level 3 spell: Inner Flame
  2772 | D:2      | Killed Ijyb
  2773 | D:2      | Gained mutation: Your demonic aura sometimes causes spilled
                  | blood to erupt in flames. [demonic ancestry]
  2773 | D:2      | Reached XP level 4. HP: 22/31 MP: 1/8
  3578 | D:3      | Reached skill level 1 in Fighting
  3578 | D:3      | Reached skill level 1 in Hexes
  3578 | D:3      | Gained mutation: Your touch may inflict minor irresistible
                  | damage on your foes. [demonic ancestry]
  3578 | D:3      | Reached XP level 5. HP: 8/37 MP: 1/9
  3958 | D:4      | Noticed an ogre
  3964 | D:4      | Killed an ogre
  3965 | D:4      | Gained mutation: You are partially covered in large bone
                  | plates. (SH +4) [demonic ancestry]
  3965 | D:4      | Reached XP level 6. HP: 44/44 MP: 3/10
  4154 | D:4      | Reached skill level 3 in Conjurations
  4697 | D:4      | Found Lilutwuph's Gadget Gallery.
  5130 | D:5      | Entered Level 5 of the Dungeon
  5132 | D:5      | Reached skill level 5 in Fighting
  5132 | D:5      | Reached skill level 5 in Dodging
  5132 | D:5      | Reached skill level 5 in Spellcasting
  5132 | D:5      | Reached skill level 6 in Conjurations
  5132 | D:5      | Reached skill level 5 in Hexes
  5132 | D:5      | Gained mutation: Your touch may inflict irresistible damage
                  | on your foes. [demonic ancestry]
  5132 | D:5      | Reached XP level 7. HP: 56/56 MP: 8/15
  5343 | D:5      | Gained mutation: Your demonic aura often causes spilled
                  | blood to erupt in flames. [demonic ancestry]
  5343 | D:5      | Reached XP level 8. HP: 61/62 MP: 0/16
  5962 | D:5      | Noticed Sigmund
  5969 | D:5      | Killed Sigmund
  6477 | D:5      | Noticed Menkaure
  6480 | D:5      | Noticed Grinder
  6484 | D:5      | Killed Menkaure
  6491 | D:5      | Killed Grinder
  7028 | D:6      | Reached XP level 9. HP: 37/69 MP: 13/18
  8072 | D:6      | Found an ornate altar of the Wu Jian Council.
  8186 | D:7      | Found a shadowy altar of Dithmenos.
  8254 | D:7      | Found a staircase to the Ecumenical Temple.
  8445 | Temple   | Entered the Ecumenical Temple
  9129 | D:7      | Found a bloodstained altar of Trog.
  9312 | D:7      | Noticed a two-headed ogre
  9652 | D:8      | Reached skill level 7 in Conjurations
  9734 | D:8      | Found a basalt altar of Yredelemnul.
  9735 | D:8      | Found a radiant altar of Vehumet.
  9773 | D:8      | Became a worshipper of Vehumet
 10185 | D:8      | Gained mutation: You regenerate health from kills. [demonic
                  | ancestry]
 10185 | D:8      | Reached XP level 10. HP: 40/77 MP: 4/20
 11078 | D:9      | Identified the +2 helmet of Ejuodusy {Will+ Regen+ Slay+3}
 11195 | D:9      | Found a hide-covered altar of Uskayaw.
 11282 | D:9      | Found a broken altar of Ashenzari.
 11301 | D:9      | Noticed a two-headed ogre
 11308 | D:9      | Killed a two-headed ogre
 11476 | D:9      | Noticed a two-headed ogre
 11481 | D:9      | Killed a two-headed ogre
 12300 | D:10     | Entered Level 10 of the Dungeon
 12321 | D:10     | Noticed Gastronok
 12322 | D:10     | Noticed Nergalle
 12836 | D:10     | Noticed an oklob plant
 12845 | D:10     | Found a staircase to the Lair.
 13014 | D:11     | Reached * piety under Vehumet
 13014 | D:11     | Offered knowledge of Shock by Vehumet.
 13323 | D:11     | Noticed a manticore
 13329 | D:11     | Killed a manticore
 13330 | D:11     | Reached XP level 11. HP: 77/84 MP: 15/22
 13340 | D:11     | Reached skill level 8 in Conjurations
 13462 | D:11     | Noticed Snorg
 13749 | D:11     | Found a large runed translucent door.
 13749 | D:11     | Found a large runed translucent door.
 13754 | D:11     | Noticed wesleywilliam's ghost (journeyman MiBe)
 13957 | D:10     | Killed Nergalle
 14093 | D:10     | Killed Gastronok
 14196 | D:10     | Noticed a two-headed ogre
 14209 | D:10     | Killed a two-headed ogre
 14345 | D:10     | Noticed Fannar
 14361 | D:10     | Killed Fannar
 14818 | D:10     | Noticed Amaemon
 14947 | D:10     | Killed Amaemon
 15142 | D:10     | Reached skill level 9 in Conjurations
 15232 | D:10     | Identified the +1 robe of the Cicada {Rampage Str+2 Dex+4
                  | Stlth+}
 15397 | D:11     | HP: 5/130 [Snorg (2)]
 15397 | D:11     | Mangled by Snorg

Illustrated notes

Levels and vault maps discovered:
D:1:      nicolae_arrival_washed_ashore, layout_loops_ring
D:2:      kennysheep_the_goblin_king, layout_basic, basic_altar,
          nicolae_ecumenical_oubliette, serial_shops, nicolae_shop_gaudy_bauble,
          minmay_close_crescents
D:3:      layout_basic
D:4:      minmay_skewed_foursquare, layout_loops_cross, lemuel_round_altar,
          st_stairs_10, nicolae_shop_gadgets
D:5:      nicolae_cairo_tiling_large_dashed, layout_loops_corners,
          uniq_menkaure, uniq_grinder, uniq_sigmund
D:6:      layout_basic, kennysheep_mini_moat
D:7:      layout_loops_ring, mainiacjoe_overflow_paths,
          nicolae_overflow_hidden_temple, minmay_temple_entry_butterflies,
          kennysheep_nub, grunt_ministairs_2, lightli_corner_chamber
D:8:      layout_loops_corners, jmf_multi_god_temple,
          nicolae_figureground_sparkle
D:9:      layout_stronghold, mainiacjoe_overflow_surrounded_room,
          mainiacjoe_overflow_chevrons
D:10:     layout_roguey, dpeg_oklobed_lair, uniq_nergalle, uniq_fannar,
          uniq_gastronok, uniq_amaemon
D:11:     layout_roguey, ebering_ghost_disaster_area, uniq_snorg
Temple:   jpeg_temple_clearing

Skill      XL: |  1  2  3  4  5  6  7  8  9 10 11 |
---------------+----------------------------------+-----
Fire Magic     | 3 6 7 8 |  8.5
Conjurations   | 2 6 7 9 |  9.0
Dodging        | 2 5 6 7 8 |  8.0
Fighting       | 1 5 6 7 8 |  8.4
Spellcasting   | 3 5 6 7 8 |  8.0
Hexes          | 1 5 6 |  6.0
Stealth        | |  1.7

Action                     |  1- 3 |  4- 6 |  7- 9 | 10-12 || total
---------------------------+-------+-------+-------+-------++-------
  Melee: Unarmed           |    11 |       |       |       ||    11
         Short sword       |    15 |    12 |    20 |    24 ||    71
         Touch             |       |     2 |     7 |     6 ||    15
         Punch             |       |       |     1 |     2 ||     3
   Cast: Foxfire           |    63 |     9 |    54 |    50 ||   176
         Scorch            |    13 |    45 |   120 |   110 ||   288
         Inner Flame       |       |       |     9 |    50 ||    59
    Use: Potion            |     6 |     1 |     4 |     3 ||    14
         Scroll            |       |     3 |    20 |     5 ||    28
 Armour: Robe              |     1 |       |       |       ||     1
         Leather armour    |    27 |    12 |     9 |       ||    48
         Steam dragon scal |       |       |     9 |    45 ||    54
         Skin              |       |       |       |     3 ||     3
  Dodge: Dodged            |    22 |    16 |    70 |    92 ||   200
  Block: Other             |       |       |    21 |    23 ||    44
